 Dungeon Crawl Stone Soup version 0.29-a0-275-g389c0b56f3 (webtiles) character file.

Game seed: 1390952780352104329

13396 epen the Archer (level 12, -19/94 HPs)
             Began as a Gnoll Hunter on Mar 12, 2022.
             Was a High Priest of Okawaru.
             Demolished by a two-headed ogre
             ... wielding a +0 giant club
              (37 damage)
             ... on level 10 of the Dungeon.
             The game lasted 00:23:51 (14452 turns).

epen the Archer (Gnoll Hunter)                     Turns: 14452, Time: 00:23:52

Health: -19/94     AC: 18    Str: 12    XL:     12   Next: 5%
Magic:  20/22      EV:  9    Int: 10    God:    Okawaru [*****.]
Gold:   1324       SH:  0    Dex: 18    Spells: 19/24 levels left

rFire   + . .      SeeInvis +   g - +2 longbow (vorpal)
rCold   . . .      Faith    .   (shield currently unavailable)
rNeg    . . .      Spirit   .   N - +2 chain mail {rF+}
rPois   .          Reflect  .   K - +0 helmet
rElec   .          Harm     .   L - +0 cloak
rCorr   .          Rampage  .   t - +1 pair of gloves {hurl}
Will    .....                   j - +0 pair of boots
Stlth   +.........              (no amulet)
HPRegen 0.25/turn               E - ring of see invisible
MPRegen 0.18/turn               (no ring)

@: very slightly contaminated
A: fangs 1, strong nose, distributed training
a: Renounce Religion, Heroism, Finesse, Duel


You were on level 10 of the Dungeon.
You worshipped Okawaru.
Okawaru was extremely pleased with you.
You visited 2 branches of the dungeon, and saw 11 of its levels.

You collected 1729 gold pieces.
You spent 405 gold pieces at shops.

Inventory:

Hand Weapons
 a - a +2 vorpal shortbow
 g - a +2 vorpal longbow (weapon)
 r - a +1 falchion of electrocution
 I - a +3 long sword
 M - a +5 trident
Missiles
 u - a datura-tipped dart
 G - a throwing net
 O - 2 silver javelins
Armour
 b - a +0 leather armour
 f - a +0 ring mail
 j - a +0 pair of boots (worn)
 o - a scarf of invisibility
 q - +0 steam dragon scales
 t - a +1 pair of gloves of hurling (worn)
 A - a +0 pair of gloves
 B - a +3 leather armour of cold resistance
 K - a +0 helmet (worn)
 L - a +0 cloak (worn)
 N - a +2 chain mail of fire resistance (worn)
Jewellery
 E - a ring of see invisible (left hand)
Wands
 s - a wand of iceblast (11)
 w - a wand of charming (9)
 y - a wand of flame (35)
 D - a wand of paralysis (17)
 H - a wand of acid (12)
Scrolls
 c - 2 scrolls of immolation
 i - a scroll of identify
 l - 2 scrolls of summoning
 n - 2 scrolls of enchant weapon
 p - a scroll of amnesia
 z - 3 scrolls of teleportation
 F - 2 scrolls of blinking
Potions
 d - 2 potions of attraction
 e - a potion of might
 h - 6 potions of degeneration
 k - 2 potions of brilliance
 m - a potion of mutation {unknown}
 v - a potion of berserk rage {unknown}
 x - a potion of lignification
 C - a potion of heal wounds {unknown}
 J - a potion of flight {unknown}


   Skills:
 + Level 8.3 Fighting
 + Level 6.9 Short Blades
 + Level 6.9 Long Blades
 + Level 6.9 Axes
 + Level 6.9 Maces & Flails
 + Level 6.9 Polearms
 + Level 6.9 Staves
 + Level 6.9 Slings
 + Level 11.0 Bows
 + Level 6.9 Crossbows
 + Level 6.9 Throwing
 + Level 6.9 Armour
 + Level 8.3 Dodging
 + Level 7.3 Stealth
 + Level 6.9 Shields
 + Level 6.9 Unarmed Combat
 + Level 6.9 Spellcasting
 + Level 5.7 Conjurations
 + Level 5.7 Hexes
 + Level 5.7 Summonings
 + Level 5.7 Necromancy
 + Level 5.7 Translocations
 + Level 5.7 Transmutations
 + Level 5.7 Fire Magic
 + Level 5.7 Ice Magic
 + Level 5.7 Air Magic
 + Level 5.7 Earth Magic
 + Level 5.7 Poison Magic
 + Level 7.5 Invocations
 + Level 6.9 Evocations


You had 19 spell levels left.
You knew the following spells:

 Your Spells              Type           Power      Damage    Failure   Level
a - Blink                 Tloc           28%        N/A       58%         2
b - Swiftness             Air            14%        N/A       82%         3

Your spell library contained the following spells:

 Spells                   Type           Power      Damage    Failure   Level
 Ensorcelled Hibernation  Hex/Ice        28%        N/A       58%         2
 Passwall                 Tmut/Erth      11%        N/A       58%         2
 Manifold Assault         Tloc           14%        N/A       100%        5
 Storm Form               Tmut/Air       7%         N/A       100%        7


Dungeon Overview and Level Annotations

Branches:
Dungeon (10/15)            Temple (1/1) D:7
   Lair: D:8-11         Orc: D:9-12

Altars:
Ashenzari
Cheibriados
Dithmenos
Elyvilon
Fedhas
Gozag
Hepliaklqana
Kikubaaqudgha
Makhleb
Nemelex Xobeh
Okawaru
Qazlal
Ru
Sif Muna
Trog
Uskayaw
Vehumet
Wu Jian
Xom
Zin
The Shining One

Shops:
D:7 ?[*!(   D:8 !

Annotations:
D:9 1 runed translucent door, anonymous's ghost, journeyman NaGl
D:10 dragonscale333's ghost, journeyman DjFE


Innate Abilities, Weirdness & Mutations

You have very sharp teeth.
Your uncanny sense of smell can sniff out nearby items.
Your experience applies equally to all skills.


Message History

You throw a datura-tipped dart.
The datura-tipped dart barely misses the ogre mage.
The datura-tipped dart hits the two-headed ogre!
The two-headed ogre flies into a frenzy!
The two-headed ogre is lightly wounded.
The two-headed ogre hits the ogre mage with a +0 giant club!
The two-headed ogre hits the ogre mage with a +0 giant club!!
You shoot an arrow. The arrow hits the ogre mage!
The ogre mage is almost dead.
The two-headed ogre hits the ogre mage with a +0 giant club!!
The ogre mage dies!
Okawaru is honoured by your kill. Okawaru grants you ammunition!
Something appears at your feet!
Your Bows skill increases to level 11!
You have reached level 12!
You feel agile.
You shoot an arrow.
The arrow barely misses the two-headed ogre.
You hear two shouts!
You shoot an arrow.
The arrow barely misses the two-headed ogre.
The orc wizard shouts!
Really attack while wielding your +2 vorpal longbow? [Y]es or [N]o only, please.
Really attack while wielding your +2 vorpal longbow?
Okay, then.
You shoot an arrow. The arrow hits the two-headed ogre!
The two-headed ogre is moderately wounded.
The two-headed ogre barely misses you. x2
The two-headed ogre hits you with a +0 giant club!!!
The two-headed ogre hits you with a +0 giant club!!
* * * LOW HITPOINT WARNING * * *
Casting: Blink (dangerous; 58% risk of failure)
Confirm with . or Enter, or press ? or * to list all spells.
You miscast Blink.
You are very lightly contaminated with residual magic.
Nothing appears to happen.
The two-headed ogre hits you with a +0 giant club!!!
You die...

,* *,,,* #.#######.# ,* *,,,*****
####).....[#,* ,* *,,,,,,,*
#.......##...* ,* *,.....,*
#.##.....###**** ** ****(......*
#)..........,,,* *,,,..(....#
#..#.....###**,* *,,,...).$.#
#.<#†....# *,,,*
****,,,.......#####.#.#######.***
,,,,,,,........O@..†..).......,,,
*********#.......÷(...########,**
,,,,,,,* #.........©...#,,,,,,,*
,****#,* ####....#####..#*,*****
,,,,.#,* #...##Ysl##..#,****
####.#.######.(##D###W##...,,,*
.O............##.:o...≈##..#*,*
##.##.##.##..##8≈......8##...,*
.......#,...##..#.###.#≈≈*#..#*


You could see a wolf spider shaped shifter, a komodo dragon, a yak, a steam
dragon, an orc wizard, dragonscale333's ghost and a neutral two-headed ogre
(fast, strong, insane).

Vanquished Creatures
  Harold (D:8)
  5 two-headed ogres
  Urug (D:9)
  A cyclops (D:8)
  Maggie (D:6)
  2 trolls
  A hornet (D:8)
  5 wyverns
  15 yaks
  Eustachio (D:6)
  A wraith (D:8)
  4 orc warriors
  A sky beast (D:7)
  An ice beast (D:7)
  An ogre (D:10)
  6 centaurs
  3 bullfrogs
  2 kobold brigands (D:8)
  3 gnoll sergeants
  2 necrophages
  4 scorpions
  18 wights
  2 vampire bats (D:8)
  8 killer bees
  3 howler monkeys
  A jelly (D:5)
  5 orc priests
  A hound (D:5)
  3 iguanas
  8 orc wizards
  8 gnolls (D:9)
  7 adders
  2 white imps (D:6)
  3 ufetubi
  10 worms
  41 orcs
  8 bats
  A bat skeleton (D:8)
  4 bat zombies (D:8)
  2 endoplasms
  2 giant cockroaches
  3 goblins (D:1)
  8 hobgoblins
  4 jackals (D:3)
  5 quokkas
  4 ball pythons
  4 frilled lizards
  15 kobolds
  4 rats
245 creatures vanquished.

Vanquished Creatures (collateral kills)
  An ogre mage (D:10)
  An orc warrior (D:7)
  An orc wizard (D:7)
3 creatures vanquished.

Vanquished Creatures (others)
  A kobold (D:8)
1 creature vanquished.

Grand Total: 249 creatures vanquished

Notes
Turn   | Place    | Note
-------+----------+-------------------------------------------
     0 | D:1      | epen the Gnoll Hunter began the quest for the Orb.
     0 | D:1      | Reached XP level 1. HP: 20/20 MP: 1/1
   109 | D:1      | Reached XP level 2. HP: 26/26 MP: 2/2
   171 | D:1      | You fall into a shaft and drop 1 floor!
   535 | D:1      | Reached XP level 3. HP: 31/31 MP: 3/3
   996 | D:2      | Reached skill level 1 in Invocations
  1145 | D:2      | Found a faded altar of an unknown god.
  1469 | D:3      | Reached skill level 1 in Short Blades
  1469 | D:3      | Reached skill level 1 in Long Blades
  1469 | D:3      | Reached skill level 1 in Axes
  1469 | D:3      | Reached skill level 1 in Maces & Flails
  1469 | D:3      | Reached skill level 1 in Polearms
  1469 | D:3      | Reached skill level 1 in Staves
  1469 | D:3      | Reached skill level 1 in Slings
  1469 | D:3      | Reached skill level 1 in Crossbows
  1469 | D:3      | Reached skill level 1 in Throwing
  1469 | D:3      | Reached skill level 1 in Armour
  1469 | D:3      | Reached skill level 1 in Shields
  1469 | D:3      | Reached skill level 1 in Unarmed Combat
  1469 | D:3      | Reached skill level 1 in Spellcasting
  1469 | D:3      | Reached skill level 1 in Evocations
  1509 | D:3      | Reached XP level 4. HP: 15/38 MP: 5/5
  1735 | D:3      | Reached skill level 1 in Conjurations
  1735 | D:3      | Reached skill level 1 in Hexes
  1735 | D:3      | Reached skill level 1 in Summonings
  1735 | D:3      | Reached skill level 1 in Necromancy
  1735 | D:3      | Reached skill level 1 in Translocations
  1735 | D:3      | Reached skill level 1 in Transmutations
  1735 | D:3      | Reached skill level 1 in Fire Magic
  1735 | D:3      | Reached skill level 1 in Ice Magic
  1735 | D:3      | Reached skill level 1 in Air Magic
  1735 | D:3      | Reached skill level 1 in Earth Magic
  1735 | D:3      | Reached skill level 1 in Poison Magic
  1738 | D:3      | Reached XP level 5. HP: 22/43 MP: 6/6
  2604 | D:4      | Noticed a yak
  2604 | D:4      | Noticed a yak
  2604 | D:4      | Noticed a yak
  3057 | D:4      | Reached XP level 6. HP: 39/50 MP: 8/8
  3381 | D:5      | Entered Level 5 of the Dungeon
  3385 | D:5      | Reached skill level 5 in Fighting
  3385 | D:5      | Reached skill level 5 in Dodging
  3492 | D:5      | Found an opulent altar of Gozag.
  4033 | D:6      | Noticed Eustachio
  4036 | D:6      | Reached XP level 7. HP: 37/56 MP: 10/10
  4161 | D:6      | Killed Eustachio
  4433 | D:6      | Reached skill level 9 in Bows
  4568 | D:6      | Found a blossoming altar of Fedhas.
  4600 | D:6      | Found a shadowy altar of Dithmenos.
  5134 | D:6      | Reached XP level 8. HP: 60/63 MP: 12/12
  5154 | D:6      | Noticed Maggie
  5163 | D:6      | Killed Maggie
  5579 | D:7      | Found Lowochoy's Antique Weapon Shoppe.
  5619 | D:7      | Found Bofytybet's Assorted Antiques.
  5737 | D:7      | Reached XP level 9. HP: 18/69 MP: 14/14
  6333 | D:7      | Found Unutuini's Distillery.
  6434 | D:7      | Found Emoon's Antique Armour Emporium.
  6437 | D:7      | Bought a pair of glowing gloves for 195 gold pieces
  6643 | D:7      | Found a staircase to the Ecumenical Temple.
  6656 | Temple   | Entered the Ecumenical Temple
  6926 | Temple   | Became a worshipper of Warmaster Okawaru
  7447 | D:7      | Found Jine's Magic Scroll Boutique.
  7456 | D:7      | Bought a scroll of blinking for 105 gold pieces
  7456 | D:7      | Bought a scroll of blinking for 105 gold pieces
  7533 | D:8      | Found Sasal's Distillery.
  7683 | D:8      | Found an ancient bone altar of Kikubaaqudgha.
  7730 | D:8      | Reached skill level 5 in Stealth
  7895 | D:8      | Found a radiant altar of Vehumet.
  8032 | D:8      | Reached * piety under Okawaru
  8282 | D:8      | Noticed a cyclops
  8295 | D:9      | Noticed a hornet
  8301 | D:9      | Noticed Harold
  8335 | D:8      | Reached skill level 5 in Invocations
  8335 | D:8      | Killed a hornet
  8618 | D:8      | Killed a cyclops
  8619 | D:8      | Reached XP level 10. HP: 10/77 MP: 17/17
  8999 | D:8      | Reached ** piety under Okawaru
  9000 | D:8      | Reached skill level 5 in Short Blades
  9000 | D:8      | Reached skill level 5 in Long Blades
  9000 | D:8      | Reached skill level 5 in Axes
  9000 | D:8      | Reached skill level 5 in Maces & Flails
  9000 | D:8      | Reached skill level 5 in Polearms
  9000 | D:8      | Reached skill level 5 in Staves
  9000 | D:8      | Reached skill level 5 in Slings
  9000 | D:8      | Reached skill level 5 in Crossbows
  9000 | D:8      | Reached skill level 5 in Throwing
  9000 | D:8      | Reached skill level 5 in Armour
  9000 | D:8      | Reached skill level 5 in Shields
  9000 | D:8      | Reached skill level 5 in Unarmed Combat
  9000 | D:8      | Reached skill level 5 in Spellcasting
  9000 | D:8      | Reached skill level 5 in Evocations
  9380 | D:8      | Reached skill level 10 in Bows
  9654 | D:8      | Paralysed by an orc priest for 2 turns
  9808 | D:8      | Found a glowing golden altar of the Shining One.
  9821 | D:8      | Learned a level 2 spell: Blink
  9825 | D:8      | Learned a level 3 spell: Swiftness
 10150 | D:8      | Reached *** piety under Okawaru
 10861 | D:8      | Killed Harold
 11436 | D:9      | Reached **** piety under Okawaru
 11448 | D:9      | Reached XP level 11. HP: 68/83 MP: 19/19
 11706 | D:9      | Found a runed translucent door.
 11738 | D:9      | Found a snail-covered altar of Cheibriados.
 11877 | D:9      | Noticed anonymous's ghost (journeyman NaGl)
 12098 | D:9      | Reached skill level 5 in Conjurations
 12098 | D:9      | Reached skill level 5 in Hexes
 12098 | D:9      | Reached skill level 5 in Summonings
 12098 | D:9      | Reached skill level 5 in Necromancy
 12098 | D:9      | Reached skill level 5 in Translocations
 12098 | D:9      | Reached skill level 5 in Transmutations
 12098 | D:9      | Reached skill level 5 in Fire Magic
 12098 | D:9      | Reached skill level 5 in Ice Magic
 12098 | D:9      | Reached skill level 5 in Air Magic
 12098 | D:9      | Reached skill level 5 in Earth Magic
 12098 | D:9      | Reached skill level 5 in Poison Magic
 12397 | D:10     | Entered Level 10 of the Dungeon
 12399 | D:10     | Identified 2 scrolls of acquirement
 12399 | D:10     | Acquired a +2 vorpal longbow
 12401 | D:10     | Acquired 1103 gold pieces
 12499 | D:10     | Noticed Urug
 12787 | D:10     | Noticed an ogre mage
 12787 | D:10     | Noticed a two-headed ogre
 12787 | D:10     | Noticed a two-headed ogre
 12787 | D:10     | Noticed a two-headed ogre
 12787 | D:10     | Noticed a two-headed ogre
 12787 | D:10     | Noticed a two-headed ogre
 12788 | D:10     | Noticed a two-headed ogre
 12802 | D:10     | Killed a two-headed ogre
 12808 | D:10     | Killed a two-headed ogre
 12817 | D:10     | Killed a two-headed ogre
 12825 | D:10     | HP: 1/86 [two-headed ogre/+0 giant spiked club (12)]
 13204 | D:9      | HP: 4/86 [two-headed ogre/+0 giant spiked club (21)]
 13205 | D:9      | Killed a two-headed ogre
 13558 | D:9      | Killed a two-headed ogre
 13558 | D:9      | Reached ***** piety under Okawaru
 13838 | D:9      | HP: 2/85 [Urug/javelin (17)]
 13859 | D:9      | Killed Urug
 13859 | D:9      | Received a gift from Okawaru
 14219 | D:10     | Noticed dragonscale333's ghost (journeyman DjFE)
 14259 | D:10     | Received a gift from Okawaru
 14407 | D:10     | Noticed a death drake
 14416 | D:10     | Noticed a deep troll
 14416 | D:10     | a death drake changed into a deep troll
 14426 | D:10     | Noticed a wolf spider
 14426 | D:10     | a deep troll changed into a wolf spider
 14448 | D:10     | Killed an ogre mage
 14448 | D:10     | Received a gift from Okawaru
 14449 | D:10     | Reached skill level 11 in Bows
 14449 | D:10     | Reached XP level 12. HP: 94/94 MP: 22/22
 14452 | D:10     | Demolished by a two-headed ogre

Illustrated notes

Levels and vault maps discovered:
D:1:      minmay_arrival_checkered_box, layout_basic, item_on_display_b
D:2:      layout_loops_ring, nicolae_ecumenical_lake_church
D:3:      layout_loops_ring
D:4:      layout_basic, patterned_corridor
D:5:      cheibrodos_quashed, layout_cave_pools, grunt_gozag_statues,
          nicolae_wormholes
D:6:      layout_basic, fedhas_bush_and_centaur_altar,
          grunt_dithmenos_smoke_and_mirrors, hangedman_decor_peaks_small,
          st_stairs_8, chequers_serial_rivers_large_a, uniq_maggie,
          uniq_eustachio
D:7:      layout_loops_ring, minmay_temple_entry_nine_rooms, serial_shops, shop,
          nicolae_shop_behind_doors, shop, nicolae_lakefront_shop, shop,
          minmay_bent
D:8:      layout_loops_cross, kennysheep_vampire_church, tso_metal_star,
          mainiacjoe_overflow_surrounded_room, serial_shops, shop, serial_glass,
          glass_columns_b, glass_columns_b, item_on_display_a, feat_on_display,
          item_on_display_b, due_unseen_surprise, grunt_potential
D:9:      layout_gridville, cheibrodos_worm_habitat,
          ebering_ghost_reflecting_pool, grunt_decor_fettered, uniq_harold
D:10:     layout_basic, kennysheep_mini, enter_bailey_4, nzn_ghost_randoct,
          uniq_urug
Temple:   minmay_temple_curvy_branch

Skill      XL: |  1  2  3  4  5  6  7  8  9 10 11 |
---------------+----------------------------------+-----
Invocations    | 1 2 3 4 5 6 7 |  7.5
Short Blades   | 1 2 3 4 5 6 |  6.9
Long Blades    | 1 2 3 4 5 6 |  6.9
Axes           | 1 2 3 4 5 6 |  6.9
Maces & Flails | 1 2 3 4 5 6 |  6.9
Polearms       | 1 2 3 4 5 6 |  6.9
Staves         | 1 2 3 4 5 6 |  6.9
Slings         | 1 2 3 4 5 6 |  6.9
Crossbows      | 1 2 3 4 5 6 |  6.9
Throwing       | 1 2 3 4 5 6 |  6.9
Armour         | 1 2 3 4 5 6 |  6.9
Shields        | 1 2 3 4 5 6 |  6.9
Unarmed Combat | 1 2 3 4 5 6 |  6.9
Spellcasting   | 1 2 3 4 5 6 |  6.9
Evocations     | 1 2 3 4 5 6 |  6.9
Conjurations   | 1 2 3 4 5 |  5.7
Hexes          | 1 2 3 4 5 |  5.7
Summonings     | 1 2 3 4 5 |  5.7
Necromancy     | 1 2 3 4 5 |  5.7
Translocations | 1 2 3 4 5 |  5.7
Transmutations | 1 2 3 4 5 |  5.7
Fire Magic     | 1 2 3 4 5 |  5.7
Ice Magic      | 1 2 3 4 5 |  5.7
Air Magic      | 1 2 3 4 5 |  5.7
Earth Magic    | 1 2 3 4 5 |  5.7
Poison Magic   | 1 2 3 4 5 |  5.7
Stealth        | 3 4 5 6 7 |  7.3
Fighting       | 5 6 7 8 |  8.3
Dodging        | 5 6 7 8 |  8.3
Bows           | 9 10 11 | 11.0

Action                   |  1- 3 |  4- 6 |  7- 9 | 10-12 || total
-------------------------+-------+-------+-------+-------++-------
Melee: Shortbow          |       |       |     2 |       ||     2
       Long sword        |       |       |       |    35 ||    35
       Punch             |       |       |       |     4 ||     4
       Bite              |       |       |       |     3 ||     3
 Fire: Shortbow          |   114 |   159 |   346 |   290 ||   909
       Longbow           |       |       |       |   158 ||   158
Throw: Throwing net      |       |       |       |     4 ||     4
       Javelin           |       |       |       |     2 ||     2
       Dart              |       |       |       |     1 ||     1
 Cast: Swiftness         |       |       |       |     2 ||     2
       Blink             |       |       |       |     5 ||     5
Invok: Heroism           |       |       |       |     7 ||     7
       Finesse           |       |       |       |     1 ||     1
 Abil: Evoke Invisibilit |       |       |       |     1 ||     1
  Use: Scroll            |     3 |       |    12 |     6 ||    21
       Potion            |       |       |    10 |     1 ||    11
 Stab: Invisible         |       |       |       |     5 ||     5
Armor: Leather armour    |     7 |       |    42 |    74 ||   123
       Ring mail         |    22 |    12 |    16 |       ||    50
       Skin              |       |       |     7 |       ||     7
       Chain mail        |       |       |       |    29 ||    29
Dodge: Dodged            |    36 |    40 |   129 |   286 ||   491

Table legend: (Time is in decaauts)
 A = Elapsed time spent in this place.
 B = Non-inter-level travel time spent in this place.
 C = Inter-level travel time spent in this place.
 D = Time resting spent in this place.
 E = Time spent auto-exploring this place.
 F = Levels seen in this place.
 G = Mean time per level.
                   A        B        C        D        E       F      G
               +--------+--------+--------+--------+--------+-----+--------+
         Total |  14583 |  14143 |    440 |   3998 |   7806 |  11 | 1325.7 |
       Dungeon |  14290 |  13872 |    418 |   3998 |   7562 |  10 | 1429.0 |
        Temple |    292 |    270 |     22 |      0 |    244 |   1 |  292.0 |
               +--------+--------+--------+--------+--------+-----+--------+

Top non-repeatable levels by time:
     D:8: 3594 daAuts
     D:9: 2848 daAuts
     D:7: 1734 daAuts
     D:6: 1421 daAuts
     D:3: 1250 daAuts
     D:2: 778 daAuts
     D:4: 733 daAuts
     D:5: 729 daAuts
     D:1: 664 daAuts
    D:10: 534 daAuts
  Temple: 292 daAuts
